 Dungeon Crawl Stone Soup version 0.31-a0-1104-g3bd3108 (webtiles) character file.

Game seed: 1092386503613647881

1941709 Kearsarge the Slayer (level 25, 391/391 HPs)
             Began as an Ogre Artificer on Dec 2, 2023.
             Was an Initiate of Gozag.
             Escaped with the Orb
             ... and 3 runes!
             The game lasted 01:36:13 (48904 turns).

Kearsarge the Slayer (Ogre Artificer)              Turns: 48904, Time: 01:36:14

Health: 391/391    AC: 39    Str: 35    XL:     25   Next: 65%
Magic:  23/23      EV: 11    Int: 12    God:    Gozag
Gold:   1831       SH: 17    Dex:  7    Spells: 24/24 levels left

rFire   + +          .
                       - Unarmed
rCold   + . .        W - +5 kite shield {rF+}
rNeg    + + +        O - melded +0 robe {rC+ rF+}
rPois   ∞            q - +1 hat "Soemotso" {Fly Regen+ Slay+5 Stlth-}
rElec   +            l - +1 cloak of Qosanif {rN++ Dex-2}
rCorr   +            (gloves unavailable)
SInv    .            (boots unavailable)
Will    ++...        g - amulet of Vitality {RegenMP++ Regen++} Stlth
                     i - ring of protection from cold
HPRegen 3.25/turn    h - ring of Law {rF+ rCorr Str+4}
MPRegen 0.98/turn

%: no passive effects
@: statue-form, flying, studying 2 skills, very slow
A: slow and powerful, torment resistance 1, boosted hp, large, unfitting armour,
(tough skin 1), wild magic 1
0: Orb of Zot
}: 3/15 runes: serpentine, barnacled, silver
a: Begin Untransformation, Renounce Religion, Potion Petition, Call Merchant,
Bribe Branch


You escaped.
You worshipped Gozag.
Gozag was most pleased with you.
You were a living statue of rough stone.
You visited 10 branches of the dungeon, and saw 48 of its levels.
You visited the Abyss 1 time.
You visited 2 bazaars.
You visited 1 ziggurat, and saw 6 of its levels.
You also visited: Trove, Sewer, Bailey and Desolation.

You collected 27986 gold pieces.
You spent 7272 gold pieces at shops.
You paid 18883 gold pieces to Gozag.

Inventory:

Missiles
 f - 2 throwing nets
Armour
 k - the +1 cloak of Starlight {*Dazzle EV+4 Stlth--}
   (You acquired it on level 3 of the Dungeon)

   *Dazzle:   It may blind those who miss an attack against the wearer in melee
   combat.
   EV+4:      It affects your evasion (+4).
   Stlth--:   It makes you much less stealthy.
 l - the +1 cloak of Qosanif (worn) {rN++ Dex-2}
   (You acquired it in a treasure trove)

   Dex-2:     It affects your dexterity (-2).
   rN++:      It greatly protects you from negative energy.
 q - the +1 hat "Soemotso" (worn) {Fly Regen+ Slay+5 Stlth-}
   (You acquired it in a treasure trove)

   Slay+5:    It affects your accuracy & damage with ranged weapons and melee
   (+5).
   Fly:       It grants you flight.
   Regen+:    It increases your rate of health regeneration.
   Stlth-:    It makes you less stealthy.
 O - a +0 robe of resistance (melded)
 W - a +5 kite shield of fire resistance (worn)
Jewellery
 e - the ring of Laotar {rF+ Str+7}
   (You bought it in a shop on level 2 of the Orcish Mines)

   [ring of protection from fire]

   Str+7:     It affects your strength (+7).
   rF+:       It protects you from fire.
 g - the amulet of Vitality (around neck) {RegenMP++ Regen++}
   (You bought it in a shop on level 8 of the Dungeon)

   [amulet of magic regeneration]

   RegenMP:   It increases your rate of magic regeneration.
   Regen++:   It increases your rate of health regeneration.
 h - the ring of Law (right fist) {rF+ rCorr Str+4}
   (You bought it in a shop on level 2 of the Orcish Mines)

   [ring of resist corrosion]

   Str+4:     It affects your strength (+4).
   rF+:       It protects you from fire.
   rCorr:     It protects you from acid and corrosion.
 i - a ring of protection from cold (left fist)
 L - the ring of Eternity {rN+ Will+}
   (You found it on level 5 of the Lair of Beasts)

   [ring of positive energy]

   rN+:       It protects you from negative energy.
   Will+:     It increases your willpower.
 U - a ring of see invisible
Talismans
 X - a granite talisman (active)
Wands
 R - a wand of roots (45)
 S - a wand of digging (28)
Scrolls
 j - 3 scrolls of torment
 m - 2 scrolls of amnesia
 n - 16 scrolls of teleportation
 o - 7 scrolls of blinking
 p - 9 scrolls of fog
 x - 10 scrolls of noise
 y - 3 scrolls of silence
 z - 11 scrolls of immolation
 E - 2 scrolls of butterflies
 F - 10 scrolls of poison
 H - 8 scrolls of vulnerability
 T - 26 scrolls of identify
 Z - 7 scrolls of fear
Potions
 a - 12 potions of attraction
 c - 6 potions of brilliance
 d - 7 potions of lignification
 r - 6 potions of cancellation
 s - 10 potions of mutation
 u - 9 potions of heal wounds
 v - 13 potions of enlightenment
 w - 14 potions of curing
 B - a potion of invisibility
 G - 3 potions of might
 J - 3 potions of resistance
 K - 3 potions of haste
 M - 8 potions of berserk rage
 V - 3 potions of magic
Miscellaneous
 t - a phantom mirror
 C - a tin of tremorstones (2/2)
 P - a sack of spiders
 Q - a lightning rod (4/4)
 Y - a phial of floods


   Skills:
 - Level 26.9 Fighting
 + Level 11.2 Dodging
 - Level 0.6 Stealth
 - Level 15.0 Shields
 + Level 22.9 Unarmed Combat
 - Level 2.4 Evocations
 - Level 24.0 Shapeshifting


You had 24 spell levels left.
You didn't know any spells.
Your spell library contained the following spells:

 Spells                   Type           Power      Damage    Failure   Level
 Freeze                   Ice            0%         1d3       50%         1
 Kiss of Death            Conj/Necr      0%         2d5       50%         1
 Magic Dart               Conj           0%         1d3       50%         1
 Sandblast                Erth           0%         2d4       50%         1
 Slow                     Hex            0%         N/A       50%         1
 Summon Small Mammal      Summ           0%         N/A       50%         1
 Blink                    Tloc           0%         N/A       63%         2
 Cigotuvi's Dreadful Rot  Necr/Pois/Air  0%         N/A       63%         2
 Ensorcelled Hibernation  Hex/Ice        0%         N/A       63%         2
 Lesser Beckoning         Tloc           0%         N/A       63%         2
 Momentum Strike          Conj/Tloc      0%         3d8       63%         2
 Passwall                 Tmut/Erth      0%         N/A       63%         2
 Scorch                   Fire           0%         2d5       63%         2
 Searing Ray              Conj           0%         2d4       63%         2
 Static Discharge         Conj/Air       0%         3-3/arc   63%         2
 Call Canine Familiar     Summ           0%         N/A       85%         3
 Confusing Touch          Hex            0%         N/A       85%         3
 Frozen Ramparts          Ice            0%         1d1       85%         3
 Gell's Gravitas          Tloc           0%         N/A       85%         3
 Hailstorm                Conj/Ice       0%         3d3       85%         3
 Ozocubu's Armour         Ice            0%         N/A       85%         3
 Sigil of Binding         Hex            0%         N/A       85%         3
 Stone Arrow              Conj/Erth      0%         3d7       85%         3
 Summon Guardian Golem    Hex/Summ       0%         N/A       85%         3
 Swiftness                Air            0%         N/A       85%         3
 Teleport Other           Tloc           0%         N/A       85%         3
 Vampiric Draining        Necr           0%         2d6       85%         3
 Volatile Blastmotes      Fire/Tloc      0%         2d10      85%         3
 Airstrike                Air            0%         2d(0-16)  99%         4
 Anguish                  Hex/Necr       0%         N/A       99%         4
 Animate Armour           Summ/Erth      0%         N/A       99%         4
 Brom's Barrelling Bould  Conj/Erth      0%         2d3       99%         4
 Dispel Undead            Necr           0%         3d6       99%         4
 Flame Wave               Conj/Fire      0%         2d4       99%         4
 Fulminant Prism          Conj/Hex       0%         3d5       99%         4
 Iskenderun's Mystic Bla  Conj/Tloc      0%         2d3       99%         4
 Leda's Liquefaction      Hex/Erth       0%         N/A       99%         4
 Manifold Assault         Tloc           0%         N/A       99%         4
 Olgreb's Toxic Radiance  Pois           0%         N/A       99%         4
 Passage of Golubria      Tloc           0%         N/A       99%         4
 Sticky Flame             Conj/Fire      0%         2d3       99%         4
 Summon Ice Beast         Ice/Summ       0%         N/A       99%         4
 Summon Lightning Spire   Summ/Air       0%         N/A       99%         4
 Alistair's Intoxication  Tmut/Pois      0%         N/A       100%        5
 Borgnjor's Vile Clutch   Necr/Erth      0%         N/A       100%        5
 Iskenderun's Battlesphe  Conj           0%         2d6       100%        5
 Lee's Rapid Deconstruct  Erth           0%         3d4*      100%        5
 Metabolic Englaciation   Hex/Ice        0%         N/A       100%        5
 Silence                  Hex/Air        0%         N/A       100%        5
 Yara's Violent Unravell  Hex/Tmut       0%         3d3       100%        5
 Bombard                  Conj/Erth      0%         9d1       100%        6
 Death Channel            Necr           0%         N/A       100%        6
 Dispersal                Tloc           0%         N/A       100%        6
 Eringya's Noxious Bog    Tmut/Pois      0%         4d6       100%        6
 Summon Cactus Giant      Summ           0%         N/A       100%        6
 Haunt                    Necr/Summ      0%         N/A       100%        7
 Malign Gateway           Summ/Tloc      0%         N/A       100%        7
 Orb of Destruction       Conj           0%         9d5       100%        7
 Ozocubu's Refrigeration  Ice            0%         4d7       100%        7
 Spellforged Servitor     Conj/Summ      0%         N/A       100%        7
 Discord                  Hex            0%         N/A       100%        8
 Disjunction              Tloc           0%         N/A       100%        8
 Ignition                 Fire           0%         3d3       100%        8
 Infestation              Necr           0%         N/A       100%        8
 Lehudib's Crystal Spear  Conj/Erth      0%         10d2      100%        8
 Summon Horrible Things   Summ           0%         N/A       100%        8
 Death's Door             Necr           0%         N/A       100%        9
 Animate Dead             Necr           Unusable   N/A       N/A         4
 Simulacrum               Ice/Necr       Unusable   N/A       N/A         6

Dungeon Overview and Level Annotations

Branches:
Dungeon (15/15)            Temple (1/1) D:7            Lair (5/5) D:10
 Shoals (4/4) Lair:2        Snake (4/4) Lair:3        Slime (0/5) Lair:5
    Orc (2/2) D:10            Elf (3/3) Orc:2        Vaults (5/5) D:13
  Crypt (0/3) Vaults:3     Depths (4/4) D:15            Zot (5/5) Depths:4
  Sewer (visited)          Bailey (visited)         Desolation (visited)

Altars:
Ashenzari
Cheibriados
Dithmenos
Elyvilon
Fedhas
Gozag
Hepliaklqana
Kikubaaqudgha
Makhleb
Nemelex Xobeh
Okawaru
Qazlal
Ru
Sif Muna
Trog
Uskayaw
Vehumet
Wu Jian
Xom
Yredelemnul
Zin
The Shining One
Jiyva

Shops:
D:7 *   D:8 =   D:10 [   D:12 [=   Orc:2 =:=(?   Elf:1 [   Lair:2 ?
Snake:2 ::=   Snake:3 *!

Portals:
Hell: Depths:1 Depths:2 Depths:4
Abyss: Orc:1 Depths:2 Depths:3
Pandemonium: Depths:2 Depths:4

Annotations:
D:8 4 transporters
Orc:1 2 transporters, Uthrab's ghost, adept HuEE
Elf:2 3 runed translucent doors
Vaults:2 2 transporters, Maixzijo's ghost, adept DsFE
Depths:2 1 runed translucent door, Jyoxex's ghost, veteran OpBe
Depths:3 2 runed translucent doors, Picukuw's ghost, veteran MfSu


Innate Abilities, Weirdness & Mutations

You are a living statue of rough stone.
Your actions are slow, but your melee attacks are powerful.
You are resistant to unholy torment.
Your maximum health is greatly increased.
Your equipment is partially melded.
You are too large for most types of armour.
You are immune to poison.
((You have tough skin. (AC +1)))
Your spells are a little harder to cast, but a little more powerful.


Message History

What level of the Dungeon? (default 1, ? - help)
You see here a +0 dagger of speed.
You see here a +0 dagger.
There is a stone staircase leading up here.
You fly upwards.
There is a stone staircase leading down here.
There is a stone staircase leading up here.
You fly upwards.
There is a stone staircase leading down here.
You see here a +0 robe.
There is a stone staircase leading up here.
You fly upwards.
There is a stone staircase leading down, spattered with blood here.
You see here a +0 giant club.
There is a stone staircase leading up here.
You fly upwards.
There is a stone staircase leading down here.
There is a stone staircase leading up here.
You fly upwards.
There is a stone staircase leading down here.
You see here a +0 club.
There is a stone staircase leading up here.
You fly upwards.
There is a stone staircase leading down here.
There is a stone staircase leading up here.
You fly upwards.
There is a stone staircase leading down here.
As you read the scroll of teleportation, it crumbles to dust.
You feel strangely unstable.
You feel the Orb delaying your translocation!
You start waiting.
Your surroundings suddenly seem different.
Aiming: Dig
Press: ? - help, Q - select action, (/) - cycle Shift-Dir - straight line You can't see that place.
The rock shatters into small pieces.
Blink to where?
Press: ? - help, Q - select action, (/) - cycle Dir - move target
As you read the scroll of blinking, it crumbles to dust.
You have escaped!

.# #######...# ##### .#
#.......#.# # .###
####..#####..## #
...######..[.#.###.#..##
#
...##.....#####.#.##...#
# ...#..###..##
##.##.##.# # ...#.##
###.###.#..##.## #
...#.# ##.#.#...#.## #
...#.# ##.#.8.#.## #
.#...# ##.#...#.#.## #
####.## ##.##..#.###)##
# #..####.#####.## ##.#
# ##......)###.#.###..#
#####
#######..#.###.##.##
#.... ##..## ##...#
#.### #...#####..# #.# #
##.........# #.# #


There were no monsters in sight!

Vanquished Creatures
  An orb of fire (Zot:1)
  Sojobo (Vaults:2)
  Josephina (Depths:4)
  2 Killer Klowns (Zot:1)
  Parghit (Depths:4)
  Saint Roka (Vaults:2)
  Vv (Depths:3)
  A curse toe (Zot:5)
  Nikola (Snake:1)
  4 golden dragons
  2 profane servitors
  3 electric golems
  A Tzitzimitl (D:12)
  Jorgrun (Snake:1)
  6 tentacled monstrosities
  Rupert (Snake:1)
  2 liches
  4 Orb Guardians
  6 quicksilver dragons
  A deep elf blademaster (Elf:3)
  A titan (Vaults:5)
  2 deep elf master archers (Elf:3)
  A sphinx (Depths:1)
  2 walking frostbound tomes
  An ancient champion (Vaults:3)
  A death cob (Zot:3)
  6 tengu reavers
  Aizul (Snake:3)
  6 shadow dragons
  6 draconian monks
  5 storm dragons
  Roxanne (Snake:3)
  A balrug (Depths:3)
  4 fire giants
  15 nagarajas
  10 vault wardens
  5 iron dragons
  A ghost moth (Zig:3)
  2 draconian scorchers
  5 deep elf sorcerers
  4 imperial myrmidons (Desolation)
  2 draconian shifters
  11 frost giants
  An orc warlord (Orc:2)
  A draconian stormcaller (Zot:1)
  Louise (Depths:3)
  3 reapers
  22 ironbound preservers
  7 very ugly things
  2 formless jellyfish
  2 war gargoyles
  9 stone giants
  A ghoul (Vaults:3)
  A demonspawn corrupter (Zig:6)
  5 ironbound thunderhulks
  A spriggan defender (Depths:3)
  5 vampire knights
  A draconian annihilator (Depths:4)
  A caustic shrike skeleton (Depths:1)
  An ophan (Zig:6)
  9 deep elf demonologists
  5 green draconians
  9 deep elf annihilators (Elf:3)
  7 red draconians
  20 dire elephants
  4 black draconians
  5 yellow draconians
  12 purple draconians
  3 spark wasps
  4 deep elf death magi (Elf:3)
  A green death (D:15)
  8 white draconians
  5 ettins
  6 fire dragons
  3 merfolk javelineers
  2 crystal guardians (Desolation)
  14 merfolk impalers
  6 yaktaur captains
  3 jiangshi (Depths:4)
  2 entropy weavers
  6 servants of whispers (Desolation)
  4 deep elf high priests
  5 great orbs of eyes
  7 ice dragons
  2 rakshasas
  6 ragged hierophants (Desolation)
  4 peacekeepers (Desolation)
  2 salamander tyrants
  A hell beast (Zot:4)
  16 vault guards
  Erolcha (Orc:1)
  4 catoblepae
  A jorogumo (Zig:3)
  6 hydras
  2 spriggan air magi (Depths:3)
  5 merfolk avatars
  A sphinx zombie (Depths:1)
  11 anacondas
  4 boulder beetles
  4 centaur warriors
  4 satyrs
  5 ironbound frosthearts
  19 dancing weapons
  An ogre mage (Vaults:2)
  3 merfolk aquamancers
  An alligator snapping turtle (Shoals:1)
  13 death yaks
  7 tengu warriors
  13 two-headed ogres
  5 vampire magi
  12 deep troll shamans
  5 orc high priests
  10 naga warriors
  9 deep troll earth magi
  A thrashing horror (Zig:6)
  An occultist (Depths:2)
  5 spriggan berserkers
  17 naga sharpshooters
  8 hell knights
  4 shock serpents
  A shadow wraith (Zig:6)
  A wretched star (Zig:6)
  6 skysharks
  10 deep elf knights
  5 sun demons
  15 iron trolls
  3 salamander mystics
  A skeletal warrior (Vaults:3)
  14 sea snakes
  54 deep trolls
  A death drake (Depths:4)
  3 glowing orange brains
  A flayed ghost (Depths:3)
  A harpy (shapeshifter) (D:14)
  19 deep elf zephyrmancers
  15 deep elf archers
  9 naga ritualists
  3 arcanists
  7 lindwurms
  5 necromancers
  9 orc knights
  10 ironbound convokers
  27 deep elf pyromancers
  An oklob plant (Lair:5)
  12 mana vipers
  4 phantasmal warriors
  11 harpies
  9 cyclopes
  13 ugly things
  9 orc sorcerers
  16 salamanders
  A moth of wrath (shapeshifter) (D:14)
  3 moths of wrath
  A stone giant zombie (Vaults:1)
  19 manticores
  21 fauns
  11 merfolk sirens
  24 elephants
  4 kobold blastminers (Orc:2)
  A smoke demon (Depths:4)
  A stone giant skeleton (Vaults:1)
  19 vault sentinels
  8 guardian serpents
  9 water nymphs
  12 naga magi
  46 black mambas
  8 cane toads
  An apocalypse crab (Zig:6)
  An ice statue (D:13)
  A cane toad (shapeshifter) (Zig:4)
  2 large abominations
  3 unseen horrors
  3 gargoyles
  2 rime drakes (Lair:5)
  7 komodo dragons
  3 torpor snails
  An efreet (D:13)
  20 yaktaurs
  2 kobold demonologists
  4 tengu conjurers
  A golden dragon simulacrum (Depths:4)
  3 hellwings
  8 trolls
  27 merfolk
  7 wind drakes
  3 meliai (D:14)
  2 polar bears (Lair:4)
  3 hornets
  2 glass eyes
  A blink frog (shapeshifter) (Elf:1)
  38 saltlings (Desolation)
  8 blink frogs
  11 dream sheep
  A jumping spider (Vaults:4)
  A stone giant simulacrum (Depths:1)
  27 slime creatures
  5 air elementals
  2 shadows
  9 snapping turtles
  10 spriggans
  A ynoxinul (Depths:2)
  2 vampires
  14 water elementals
  5 wraiths
  92 yaks
  An ettin skeleton (Depths:1)
  4 basilisks
  2 fire elementals (Zig:5)
  2 steam dragons
  10 vampire mosquitoes
  A chaos spawn (D:15)
  Edmund (D:4)
  45 nagas
  7 wargs
  An acid dragon (D:13)
  A two-headed ogre zombie (Orc:1)
  A water moccasin (shapeshifter) (D:15)
  A swamp drake (shapeshifter) (Depths:4)
  10 water moccasins
  50 orc warriors
  3 sky beasts (D:7)
  A black bear (D:5)
  A human zombie (Vaults:1)
  35 ogres
  4 boggarts (Vaults:1)
  8 centaurs
  13 wolves
  2 phantoms
  5 kobold brigands
  A bullfrog (shapeshifter) (Vaults:5)
  A gnoll sergeant (D:9)
  12 bullfrogs
  4 earth elementals
  A scorpion (D:6)
  8 wights
  14 killer bees
  4 howler monkeys (D:9)
  7 electric eels
  A jelly (shapeshifter) (D:13)
  A crimson imp (D:4)
  2 lava snakes (Lair:3)
  5 jellies
  32 orc priests
  7 starcursed masses (Zig:6)
  2 iguanas
  A sleepcap (D:7)
  24 orc wizards
  2 hell rats (Lair:1)
  3 adders
  A gnoll (shapeshifter) (Depths:1)
  6 gnolls
  2 river rats (shapeshifter)
  10 river rats
  A shadow imp (D:5)
  2 white imps
  A worm (shapeshifter) (D:15)
  3 worms
  A dart slug (D:3)
  114 orcs
  4 ball pythons
  6 bats
  4 endoplasms
  A giant cockroach (shapeshifter) (Vaults:5)
  5 giant cockroaches
  9 hobgoblins
  4 jackals
  A jackal (shapeshifter) (Vaults:5)
  21 kobolds
  3 quokkas
  2 frilled lizards
  7 goblins
  8 rats
1934 creatures vanquished.

Vanquished Creatures (collateral kills)
  2 dread liches (Zot:5)
  2 ancient liches
  2 Killer Klowns (Zot:5)
  A curse toe (Zot:5)
  A golden dragon (Vaults:5)
  2 tentacled monstrosities
  An electric golem (Zot:5)
  9 Orb Guardians (Zot:5)
  A death cob (Zot:5)
  3 storm dragons
  2 shadow dragons (Vaults:5)
  A tengu reaver (Vaults:5)
  A ghost moth (Zot:5)
  2 vault wardens (Vaults:5)
  An ironbound preserver (Vaults:5)
  2 green draconians (Zot:5)
  A purple draconian (Zot:5)
  An ettin (Vaults:5)
  A deep elf high priest (Vaults:5)
  7 vault guards (Vaults:5)
  An ironbound frostheart (Vaults:5)
  A hell knight (Vaults:5)
  2 phantasmal warriors (Vaults:5)
  2 moths of wrath (Zot:5)
  A vault sentinel (Vaults:5)
  A freezing wraith (Vaults:5)
  A spriggan (Bailey)
  An ogre (Bailey)
  An orc wizard (D:4)
  3 orcs (D:4)
57 creatures vanquished.

Vanquished Creatures (others)
  2 Killer Klowns (Zot:5)
  4 tentacled monstrosities
  10 Orb Guardians (Zot:5)
  A lich (Vaults:5)
  2 titans (Vaults:5)
  2 sphinxes (Vaults:5)
  A shadow dragon (Vaults:5)
  4 vault wardens (Vaults:5)
  2 tengu reavers (Vaults:5)
  A deep elf sorcerer (Vaults:5)
  2 fire giants (Vaults:5)
  2 frost giants (Vaults:5)
  An ironbound preserver (Vaults:5)
  A very ugly thing (Vaults:5)
  A deep elf demonologist (Elf:3)
  A deep elf annihilator (Elf:3)
  A red draconian (Zot:5)
  A merfolk javelineer (Shoals:4)
  An ettin (Vaults:5)
  A deep elf death mage (Vaults:5)
  A yaktaur captain (Vaults:5)
  14 vault guards (Vaults:5)
  An ogre mage (Vaults:5)
  A tengu warrior (Depths:4)
  A deep troll earth mage (Vaults:5)
  A quicksilver dragon simulacrum (Depths:4)
  An ironbound convoker (Vaults:5)
  A deep elf pyromancer (Elf:1)
  An orc knight (Vaults:5)
  A sphinx simulacrum (Depths:4)
  A mana viper (Snake:1)
  3 moths of wrath (Zot:5)
  A black mamba (Snake:4)
  A vault sentinel (Vaults:5)
  A storm dragon simulacrum (Depths:4)
  2 yaktaurs (Vaults:5)
  A freezing wraith (Vaults:5)
  A tengu conjurer (Depths:2)
  2 ogres
  An orc wizard (D:8)
  5 orcs
83 creatures vanquished.

Grand Total: 2074 creatures vanquished

Notes
Turn   | Place    | Note
-------+----------+-------------------------------------------
     0 | D:1      | Kearsarge the Ogre Artificer began the quest for the Orb.
     0 | D:1      | Reached XP level 1. HP: 19/19 MP: 1/1
   242 | D:1      | Reached skill level 1 in Unarmed Combat
   293 | D:1      | Reached XP level 2. HP: 26/28 MP: 2/2
   304 | D:1      | Found a faded altar of an unknown god.
   473 | D:1      | Reached skill level 2 in Fighting
   923 | D:2      | Reached XP level 3. HP: 26/36 MP: 3/3
  1414 | D:3      | Identified a scroll of acquirement
  1415 | D:3      | Acquired the +1 cloak of Starlight {*Dazzle EV+4 Stlth--}
  1415 | D:3      | Found the +1 cloak of Starlight {*Dazzle EV+4 Stlth--}
  1517 | D:3      | Reached skill level 3 in Fighting
  1536 | D:3      | Reached XP level 4. HP: 43/45 MP: 4/4
  1896 | D:3      | Noticed a phantom
  1905 | D:3      | Killed a phantom
  1906 | D:3      | Reached XP level 5. HP: 47/54 MP: 5/5
  2137 | D:3      | Reached skill level 4 in Fighting
  2602 | D:4      | Noticed Edmund
  2622 | D:4      | Reached XP level 6. HP: 52/63 MP: 6/6
  2663 | D:4      | Killed Edmund
  2664 | D:4      | Reached skill level 5 in Fighting
  2672 | D:4      | Reached skill level 5 in Unarmed Combat
  2731 | D:4      | Reached XP level 7. HP: 67/72 MP: 7/7
  3431 | D:5      | Entered Level 5 of the Dungeon
  3461 | D:5      | Reached skill level 6 in Fighting
  3740 | D:5      | Found a glowing drain.
  3777 | Sewer    | Entered a sewer
  3866 | Sewer    | Reached XP level 8. HP: 84/84 MP: 8/8
  3873 | Sewer    | Reached skill level 7 in Fighting
  3912 | Sewer    | Found a white marble altar of Elyvilon.
  4142 | D:5      | Found a stormy altar of Qazlal.
  4387 | D:6      | Noticed a shadow
  4563 | D:6      | Noticed a manticore
  4597 | D:6      | Killed a manticore
  4598 | D:6      | Reached skill level 8 in Fighting
  4723 | D:6      | Reached XP level 9. HP: 97/97 MP: 9/9
  4986 | D:6      | Found an iron altar of Okawaru.
  5006 | D:6      | Reached skill level 9 in Fighting
  5509 | D:7      | Found Gyneh's General Store.
  5516 | D:7      | Bought a scroll of identify for 28 gold pieces
  6006 | D:7      | Found a staircase to the Ecumenical Temple.
  6013 | Temple   | Entered the Ecumenical Temple
  6020 | Temple   | Became a worshipper of Gozag Ym Sagoz the Greedy
  6077 | D:7      | Reached skill level 10 in Fighting
  6515 | D:8      | Reached skill level 10 in Unarmed Combat
  6554 | D:8      | Reached XP level 10. HP: 53/110 MP: 10/10
  6576 | D:8      | Found a flagged portal.
  6589 | Bailey   | Entered a bailey
  6911 | Bailey   | Noticed a two-headed ogre
  6925 | Bailey   | Killed a two-headed ogre
  7106 | Bailey   | Identified the quicksilver dragon scales of the Cockatrice
                  | {+Inv rF- rC+ Will+ Dex+3}
  7505 | D:8      | Acquired 900 gold pieces
  7907 | D:8      | Found a transporter.
  7985 | D:8      | Found a transporter.
  8092 | D:8      | Reached XP level 11. HP: 95/118 MP: 11/11
  8100 | D:8      | Found a transporter.
  8100 | D:8      | You are sucked into a shaft and drop 1 floor!
  8192 | D:9      | Found a glowing silver altar of Zin.
  8194 | D:9      | Identified the beast talisman "Meic" {Dex+5}
  8225 | D:9      | Noticed a two-headed ogre
  8400 | D:8      | Noticed a cyclops
  8414 | D:8      | Killed a cyclops
  8527 | D:8      | Found a transporter.
  8591 | D:8      | Bought the amulet of Vitality {RegenMP++ Regen++} for 1200
                  | gold pieces
  8591 | D:8      | Found the amulet of Vitality {RegenMP++ Regen++}
  9269 | D:10     | Entered Level 10 of the Dungeon
  9449 | D:10     | Killed a two-headed ogre
  9523 | D:8      | Bought a ring of protection from fire for 300 gold pieces
  9589 | D:10     | Reached skill level 1 in Shields
  9621 | D:10     | Noticed a two-headed ogre
  9628 | D:10     | Killed a two-headed ogre
  9738 | D:10     | Found Laem's Antique Armour Shoppe.
  9800 | D:10     | Found a staircase to the Lair.
  9959 | D:10     | Reached skill level 5 in Shields
  9967 | D:10     | Reached XP level 12. HP: 117/126 MP: 12/12
 10076 | D:10     | Found a staircase to the Orcish Mines.
 10235 | D:11     | Noticed a sun demon
 10245 | D:10     | Gained mutation: Your spells are a little harder to cast,
                  | but a little more powerful. [a neqoxec]
 10460 | D:11     | Noticed a two-headed ogre
 10483 | D:11     | Killed a two-headed ogre
 10601 | D:11     | Noticed a two-headed ogre
 10614 | D:11     | Killed a two-headed ogre
 10719 | D:11     | Found a hide-covered altar of Uskayaw.
 11130 | D:12     | Noticed a two-headed ogre
 11164 | Orc:1    | Entered Level 1 of the Orcish Mines
 11175 | Orc:1    | Found a transporter.
 11177 | Orc:1    | Found a transporter.
 11182 | Orc:1    | Found a one-way gate to the infinite horrors of the Abyss.
 11182 | Orc:1    | Noticed Uthrab's ghost (adept HuEE)
 11223 | Orc:1    | Noticed a sun demon
 11223 | Orc:1    | Noticed an orc warlord
 11426 | Orc:1    | Noticed a two-headed ogre
 11430 | Orc:1    | Noticed a two-headed ogre
 11435 | Orc:1    | Noticed a two-headed ogre
 11439 | Orc:1    | Killed a two-headed ogre
 11440 | Orc:1    | Reached skill level 10 in Shields
 11447 | Orc:1    | Killed a two-headed ogre
 11470 | Orc:1    | Killed a two-headed ogre
 11504 | Orc:1    | Noticed a two-headed ogre
 11505 | Orc:1    | Noticed a two-headed ogre
 11513 | Orc:1    | Noticed a two-headed ogre
 11516 | Orc:1    | Killed a two-headed ogre
 11523 | Orc:1    | Killed a two-headed ogre
 11535 | Orc:1    | Killed a two-headed ogre
 11536 | Orc:1    | Reached XP level 13. HP: 50/133 MP: 13/13
 11637 | Orc:1    | Noticed Erolcha
 11666 | Orc:1    | Killed Erolcha
 11882 | Orc:1    | Noticed a great orb of eyes
 12050 | Orc:2    | Entered Level 2 of the Orcish Mines
 12695 | Orc:2    | Found Tualira's Jewellery Boutique.
 12738 | Orc:2    | Found Paijojia's Book Shop.
 13527 | Orc:2    | Found a staircase to the Elven Halls.
 13662 | Orc:2    | Identified the staff of Invincibility {rPois rF++ Dex+5
                  | Stlth- Poison}
 13829 | Orc:2    | Noticed an orc warlord
 13850 | Orc:2    | Killed an orc warlord
 13851 | Orc:2    | Reached skill level 15 in Shields
 13974 | Orc:2    | Bought the ring of Law {rF+ rCorr Str+4} for 636 gold
                  | pieces
 13984 | Orc:2    | Bought the ring of Laotar {rF+ Str+7} for 700 gold pieces
 14028 | Orc:2    | Reached skill level 15 in Unarmed Combat
 14155 | Orc:2    | Found Feozilodd's Weapon Shoppe.
 14217 | Orc:2    | Reached XP level 14. HP: 74/144 MP: 14/14
 14362 | Orc:2    | Found Wylle's Magic Scroll Shop.
 14376 | Orc:2    | Reached skill level 11 in Fighting
 14410 | Orc:2    | Bought a scroll of identify for 26 gold pieces
 14410 | Orc:2    | Bought a scroll of fog for 52 gold pieces
 14410 | Orc:2    | Bought a scroll of enchant armour for 97 gold pieces
 14679 | Lair:1   | Entered Level 1 of the Lair of Beasts
 16050 | Lair:2   | Bought a scroll of acquirement for 780 gold pieces
 16050 | Lair:2   | Bought a scroll of fear for 60 gold pieces
 16050 | Lair:2   | Bought a scroll of identify for 30 gold pieces
 16050 | Lair:2   | Bought a scroll of revelation for 112 gold pieces
 16051 | Lair:2   | Acquired the +1 hat of Noruc {+Blink}
 16062 | Lair:2   | Found a staircase to the Shoals.
 16114 | Lair:2   | Reached skill level 12 in Fighting
 16600 | Lair:3   | Identified the +0 ring mail of Lust {Slay+3}
 16718 | Lair:3   | Found a staircase to the Snake Pit.
 17229 | Lair:3   | You fall into a shaft and drop 1 floor!
 17522 | Lair:4   | Reached skill level 13 in Fighting
 17874 | Lair:4   | Reached XP level 15. HP: 142/161 MP: 15/15
 18075 | Lair:4   | Reached skill level 14 in Fighting
 18273 | Lair:5   | Entered Level 5 of the Lair of Beasts
 18632 | Lair:5   | Found a staircase to the Slime Pits.
 18636 | Lair:5   | Found a viscous altar of Jiyva.
 18765 | Lair:5   | Reached skill level 15 in Fighting
 18931 | Lair:5   | Identified the ring of Eternity {rN+ Will+}
 20378 | D:13     | Reached XP level 16. HP: 165/178 MP: 16/16
 20447 | D:13     | Found a gateway to a bazaar.
 20836 | D:13     | Identified the +2 robe "Vepittidgh" {Int+4 Dex+3}
 21098 | D:13     | Found a gate to the Vaults.
 21112 | D:13     | Reached skill level 16 in Fighting
 21913 | D:15     | Entered Level 15 of the Dungeon
 22375 | D:15     | Found a staircase to the Depths.
 23024 | Bazaar   | Entered a bazaar
 23024 | Bazaar   | Found Qett's Distillery.
 23024 | Bazaar   | Found Kopneagh's General Store.
 23042 | Bazaar   | Found Ganuq's Book Boutique.
 23054 | Bazaar   | Found Quqaoxiu's Antique Weapon Emporium.
 23065 | Bazaar   | Found Irriukul's Antique Armour Boutique.
 23086 | Bazaar   | Bought 2 potions of curing for 72 gold pieces
 23086 | Bazaar   | Bought a potion of berserk rage for 60 gold pieces
 23086 | Bazaar   | Bought a potion of mutation for 96 gold pieces
 23086 | Bazaar   | Bought a potion of haste for 120 gold pieces
 23086 | Bazaar   | Bought a potion of haste for 120 gold pieces
 23129 | Bazaar   | Bought a potion of mutation for 80 gold pieces
 23129 | Bazaar   | Bought a scroll of immolation for 40 gold pieces
 23280 | Orc:2    | Bought the ring of Xuraqe {rElec rF- Will+ EV+5 Dex+4} for
                  | 855 gold pieces
 23485 | Snake:1  | Entered Level 1 of the Snake Pit
 23531 | Snake:1  | Noticed Rupert
 23552 | Snake:1  | Killed Rupert
 23587 | Snake:1  | Noticed Jorgrun
 23598 | Snake:1  | Killed Jorgrun
 23599 | Snake:1  | Reached skill level 17 in Fighting
 23797 | Snake:1  | Noticed Nikola
 23812 | Snake:1  | Killed Nikola
 24624 | Snake:2  | Found Vit Owiwn's Jewellery Shoppe.
 24624 | Snake:2  | Found Zumid's Book Boutique.
 24626 | Snake:2  | Found Dezoddasu's Book Boutique.
 24894 | Snake:2  | Reached XP level 17. HP: 178/193 MP: 17/17
 25584 | Snake:3  | Reached skill level 18 in Fighting
 25879 | Snake:3  | Identified the serpent talisman of Divine Intervention {Fly
                  | rF+++ rC+ Str-2}
 25879 | Snake:3  | Noticed Aizul
 25893 | Snake:3  | Killed Aizul
 25969 | Snake:3  | Reached skill level 1 in Shapeshifting
 26509 | Snake:3  | Noticed Roxanne
 26677 | Snake:3  | Reached skill level 5 in Shapeshifting
 26727 | Snake:3  | Found Bidi's Distillery.
 26731 | Snake:3  | Found Tieq's General Store.
 26735 | Snake:3  | Bought a potion of might for 72 gold pieces
 26735 | Snake:3  | Bought a potion of cancellation for 144 gold pieces
 26735 | Snake:3  | Bought a potion of heal wounds for 90 gold pieces
 26735 | Snake:3  | Bought a potion of heal wounds for 90 gold pieces
 26735 | Snake:3  | Bought a potion of haste for 180 gold pieces
 26739 | Snake:3  | Bought a scroll of teleportation for 51 gold pieces
 26739 | Snake:3  | Bought a scroll of teleportation for 51 gold pieces
 26739 | Snake:3  | Bought a lightning rod (4/4) for 680 gold pieces
 27184 | Snake:3  | Killed Roxanne
 27541 | Snake:4  | Entered Level 4 of the Snake Pit
 28392 | Snake:4  | Reached XP level 18. HP: 204/204 MP: 18/18
 28662 | Snake:4  | HP: 11/233 [constriction (3)]
 28939 | Snake:4  | Reached skill level 10 in Shapeshifting
 29157 | Snake:4  | Got a serpentine rune of Zot
 30666 | Vaults:1 | Entered Level 1 of the Vaults
 30901 | Vaults:1 | Found a crumbling gateway.
 30912 | Desolati | Entered the Desolation of Salt
 31009 | Desolati | Identified the +0 robe "Kar Zeenk" {rPois rC- rN++ Dex+2}
 31111 | Desolati | Identified the amulet of the Xenophobes {Acrobat Rampage
                  | Int+6}
 31167 | Desolati | Identified the +6 arbalest of Dishonesty {freeze, Contam
                  | Int+9}
 31315 | Desolati | Identified the ring of Pacium {Fire Will+ Dex+2}
 31397 | Desolati | Identified the +6 falchion of Fragile Peace {heavy, Will+
                  | Str+5 Stlth-}
 31523 | Desolati | Reached XP level 19. HP: 207/211 MP: 19/19
 31558 | Desolati | Identified the +3 broad axe "Dutiototicw" {chaos, rC- MP+9
                  | SInv}
 31710 | D:12     | Bought a ring of protection from cold for 450 gold pieces
 31824 | Shoals:1 | Entered Level 1 of the Shoals
 32373 | Shoals:1 | Identified the +2 mace "Geevuak" {speed, rPois Str+3}
 32560 | Shoals:2 | Reached skill level 15 in Shapeshifting
 33557 | Abyss:2  | Cast into level 2 of the Abyss (merfolk impaler)
 33561 | Shoals:3 | Escaped the Abyss
 33670 | Shoals:4 | Entered Level 4 of the Shoals
 33764 | Shoals:4 | Reached skill level 19 in Fighting
 33868 | Shoals:4 | Identified the +7 trident of the Thirsty Planets {holy,
                  | Contam rF+ rC+ SInv}
 34076 | Shoals:4 | Reached skill level 20 in Fighting
 34116 | Shoals:4 | Got a barnacled rune of Zot
 34378 | Shoals:4 | Reached XP level 20. HP: 231/231 MP: 20/20
 34872 | Elf:1    | Entered Level 1 of the Elven Halls
 34888 | Elf:1    | Reached skill level 21 in Fighting
 35178 | Elf:1    | Paralysed by an air elemental for 1 turns
 35182 | Elf:1    | Paralysed by an air elemental for 1 turns
 35461 | Elf:1    | You are sucked into a shaft and drop 1 floor!
 35549 | Elf:2    | Found a radiant altar of Vehumet.
 35586 | Elf:2    | Found a runed translucent gate.
 35586 | Elf:2    | Found a runed translucent gate.
 35586 | Elf:2    | Found a runed translucent gate.
 35636 | Elf:2    | Reached skill level 22 in Fighting
 35948 | Elf:1    | Paralysed by an air elemental for 1 turns
 36208 | Elf:1    | Found a bloodstained altar of Trog.
 36297 | Elf:1    | Reached skill level 23 in Fighting
 36301 | Elf:1    | Found a shimmering blue altar of Sif Muna.
 36530 | Elf:3    | Entered Level 3 of the Elven Halls
 36804 | Elf:3    | Found an ancient bone altar of Kikubaaqudgha.
 37031 | Elf:3    | Reached skill level 24 in Fighting
 37081 | Elf:3    | Identified the +12 dire flail of the Eternal Void {venom,
                  | rElec}
 37094 | Elf:3    | Identified the ring of Valysom {Dex+2 SInv}
 37281 | Elf:3    | Got Sif Muna's Information on Injurious Creation
 37284 | Elf:3    | Got the Writings on Discontinuous Phlogiston
 37290 | Elf:3    | Got the Vellum of Loathsome Tephra
 37335 | Elf:3    | Reached XP level 21. HP: 256/256 MP: 21/21
 37365 | Elf:3    | Reached skill level 25 in Fighting
 37875 | Vaults:1 | Reached skill level 26 in Fighting
 38909 | Vaults:2 | Identified the +4 spear "Veqi Kie" {spect, rC+ Dex+2}
 39283 | Vaults:2 | Found a flickering gateway to a bazaar.
 39293 | Bazaar   | Entered a bazaar
 39295 | Bazaar   | Found Pyashulo's Jewellery Boutique.
 39295 | Bazaar   | Found Sycim's Weapon Boutique.
 39321 | Bazaar   | Found Bussid's Antique Armour Shop.
 39370 | Bazaar   | Found Forphouxt's Antique Weapon Boutique.
 39430 | Vaults:2 | Noticed Saint Roka
 39440 | Vaults:2 | Killed Saint Roka
 39521 | Vaults:2 | Found a transporter.
 39523 | Vaults:2 | Noticed Maixzijo's ghost (adept DsFE)
 39525 | Vaults:2 | Found a bloodstained altar of Trog.
 39546 | Vaults:2 | Found a transporter.
 39585 | Vaults:2 | Identified the +4 falchion "Dragonslayer" {freeze, Will+}
 39651 | Vaults:2 | Noticed Sojobo
 39663 | Vaults:2 | Paralysed by an air elemental for 1 turns
 39672 | Vaults:2 | Paralysed by an air elemental for 1 turns
 39677 | Vaults:2 | Killed Sojobo
 40570 | Vaults:3 | Reached XP level 22. HP: 247/274 MP: 22/22
 40737 | Vaults:3 | Found a staircase to the Crypt.
 40836 | Vaults:3 | Identified the +2 hand axe of Kiuzyska {flame, Fly rElec}
 42506 | Vaults:5 | Entered Level 5 of the Vaults
 42526 | Vaults:5 | Noticed a golden dragon
 42535 | Vaults:5 | Killed a golden dragon
 42537 | Vaults:5 | Found the +3 robe of Clouds {*Thunder rCloud rElec}
 42577 | Vaults:5 | Got a silver rune of Zot
 42844 | Vaults:5 | Noticed an ancient lich
 42848 | Vaults:5 | Killed an ancient lich
 42961 | Vaults:5 | Identified the +5 sling of Lust {heavy, rElec rF- rCorr
                  | Dex-3 SInv}
 43089 | Vaults:5 | Identified the +4 chain mail of the Game of Kings {Harm}
 43164 | Vaults:5 | Noticed a golden dragon
 43171 | Vaults:5 | Reached XP level 23. HP: 282/282 MP: 23/23
 43173 | Vaults:5 | Killed a golden dragon
 43460 | Vaults:5 | Identified the +12 dagger "Imp's Death Toll" {protect,
                  | rElec rF+}
 43461 | Vaults:5 | Identified the +1 broad axe of Defence {drain, Str+3 SInv}
 43487 | Vaults:5 | Got Kilomeum's Annotations on Grisly Forms
 43834 | Depths:1 | Entered Level 1 of the Depths
 43985 | Depths:1 | Found a gateway to Hell.
 43991 | Depths:1 | Identified the maw talisman of Tulips {rF+}
 44894 | Depths:2 | Found a one-way gate leading to the halls of Pandemonium.
 45146 | Depths:2 | Found a runed translucent door.
 45147 | Depths:2 | Noticed Jyoxex's ghost (veteran OpBe)
 45147 | Depths:2 | Noticed a juggernaut
 45251 | Depths:3 | Noticed Louise
 45259 | Depths:3 | Killed Louise
 45471 | Depths:3 | Found a runed translucent door.
 45479 | Depths:3 | Got the Opusculum on Charmed Shifting
 45585 | Depths:3 | Noticed Vv
 45600 | Depths:3 | Killed Vv
 45723 | Depths:3 | Reached XP level 24. HP: 292/292 MP: 23/23
 45783 | Depths:3 | Found a runed translucent door.
 46212 | Depths:3 | You are sucked into a shaft and drop 1 floor!
 46212 | Depths:4 | Entered Level 4 of the Depths
 46296 | Depths:4 | Found a one-way gateway to a ziggurat.
 46296 | Depths:4 | Identified the ring of the Holding Gods {Ice rElec rCorr
                  | Str-3 Dex+5}
 46296 | Depths:4 | Noticed Josephina
 46307 | Depths:4 | Killed Josephina
 46339 | Zig:1    | Entered Level 1 of a ziggurat
 46353 | Zig:1    | Identified the staff "Qoyrphei" {rF+ rC+ Str+2 SInv Ice}
 46360 | Zig:2    | Entered Level 2 of a ziggurat
 46392 | Zig:3    | Entered Level 3 of a ziggurat
 46434 | Zig:4    | Entered Level 4 of a ziggurat
 46486 | Zig:5    | Entered Level 5 of a ziggurat
 46556 | Zig:6    | Entered Level 6 of a ziggurat
 46584 | Zig:6    | Reached skill level 5 in Dodging
 46711 | Depths:4 | Found a portal to a secret trove of treasure.
 46776 | Depths:3 | Noticed Picukuw's ghost (veteran MfSu)
 46781 | Depths:3 | Identified the +0 robe "Wuanlerch" {rElec Dex+4}
 46818 | Depths:3 | Noticed a dread lich
 46862 | Depths:4 | You paid a toll of a +4 demon blade to enter a treasure
                  | trove
 46863 | Trove    | Entered a treasure trove
 46871 | Trove    | Acquired the +1 cloak of Qosanif {rN++ Dex-2}
 46891 | Trove    | Acquired the +1 hat "Soemotso" {Fly Regen+ Slay+5 Stlth-}
 46904 | Trove    | Acquired 852 gold pieces
 46996 | Depths:4 | Noticed Parghit
 47022 | Depths:4 | Killed Parghit
 47233 | Depths:4 | Found a radiant altar of Vehumet.
 47495 | Depths:4 | Found a gate to the Realm of Zot.
 47547 | Zot:1    | Entered Level 1 of the Realm of Zot
 47553 | Zot:1    | Noticed a Killer Klown
 47564 | Zot:1    | Killed a Killer Klown
 47571 | Zot:1    | Noticed a Killer Klown
 47603 | Zot:1    | Killed a Killer Klown
 47746 | Zot:1    | Noticed an orb of fire
 47750 | Zot:1    | Killed an orb of fire
 47751 | Zot:1    | Reached XP level 25. HP: 301/301 MP: 23/23
 47822 | Zot:2    | Found the +15 Maxwell's patent armour {-Cast -Tele rElec
                  | Will+ rCorr}
 48043 | Zot:5    | Entered Level 5 of the Realm of Zot
 48099 | Zot:5    | Noticed a dread lich
 48100 | Zot:5    | Noticed a dread lich
 48110 | Zot:5    | Killed a Killer Klown
 48115 | Zot:5    | Killed a Killer Klown
 48124 | Zot:5    | Noticed a Killer Klown
 48136 | Zot:5    | Noticed a Killer Klown
 48136 | Zot:5    | Noticed an orb of fire
 48143 | Zot:5    | Killed an ancient lich
 48144 | Zot:5    | Reached skill level 10 in Dodging
 48202 | Zot:5    | Noticed an orb of fire
 48202 | Zot:5    | Noticed a Killer Klown
 48203 | Zot:5    | Noticed a Killer Klown
 48206 | Zot:5    | Noticed a dread lich
 48217 | Zot:5    | Killed a Killer Klown
 48219 | Zot:5    | Killed a dread lich
 48287 | Zot:5    | Got the Orb of Zot
 48904 | D:$      | Escaped with the Orb!

Illustrated notes

Levels and vault maps discovered:
D:1:      minmay_arrival_diagonal_passages, layout_basic,
          hellmonk_ecumenical_altar_crossroads
D:2:      layout_rooms
D:3:      layout_basic
D:4:      layout_layer_cave, minmay_fire_ice_demons, uniq_edmund
D:5:      layout_rooms, mainiacjoe_overflow_chevrons, portal_sewer_entry_a
D:6:      layout_rooms, mainiacjoe_overflow_paths
D:7:      layout_basic, minmay_temple_entry_nine_rooms, serial_shops, shop
D:8:      layout_loops_ring, enter_bailey_3, nicolae_diode_intersection
D:9:      layout_small_grid, old_standard_altar
D:10:     layout_basic, orc_0_dummy, serial_shops, shop, grunt_ministairs_13
D:11:     layout_roguey, nicolae_uskayaw_dance_hall
D:12:     layout_big_octagon
D:13:     layout_irregular_city, skrybe_vaults_entry_preservation, serial_shops,
          statue_bzr, library_closet
D:14:     layout_rooms, hex_intersection
D:15:     grunt_enter_depths_hoard, layout_long_grid,
          hangedman_abyss_or_decor_lesser_grid
Temple:   nicolae_temple_bog_church
Lair:1:   layout_cave_pods, kennysheep_rathole, grunt_megastairs_3
Lair:2:   layout_concentric_octagons, elwin_shoals_entry_rocks,
          serial_bayou_pond_e, small_statue_intersection, serial_bayou_shore_a
Lair:3:   layout_loops_ring, nicolae_snake_entry_warm_welcome
Lair:4:   layout_small_grid
Lair:5:   evilmike_catoblepas_cave, layout_gridlike, slime_entry_1,
          grunt_megastairs_5
Shoals:1: layout_shoals
Shoals:2: layout_shoals
Shoals:3: layout_shoals, nicolae_shoals_lost_giant_pillars
Shoals:4: shoals_end_simple, layout_shoals, nicolae_shoals_pincushion_passage
Snake:1:  layout_gridlike, st_stairs_5, grunt_ministairs_11,
          nicolae_snake_springs, uniq_jorgrun, uniq_nikola, uniq_rupert
Snake:2:  layout_basic, grunt_megastairs_1, serial_bayou_shore_b,
          serial_bayou_shore_b, nicolae_triple_integral, minmay_shop_grove
Snake:3:  layout_chambers, minmay_shop_star, uniq_aizul, uniq_roxanne
Snake:4:  grunt_snake_rune_spirals, layout_onion, nrook_loot_triangle,
          st_stairs_5
Orc:1:    lemuel_ogre_cave, layout_caves, gammafunk_ghost_abyssal_escape
Orc:2:    pubby_orc_utopia, serial_shops
Elf:1:    minmay_elf_arrival_circle, layout_geoelf_diagonals,
          hangedman_corner_corridor, serial_library_hellmonk_narrow_alcove,
          evilmike_spriggan_trog_shrine
Elf:2:    elven_hall_of_blades_hangedman_original
          [nicolae_blade_entry_hurt_lockers], layout_geoelf_octagon,
          basic_altar, uniq_zenata
Elf:3:    minmay_elf_hall_curves, layout_loops_cross, basic_altar
Vaults:1: portal_desolation_entry_garden, vaults_room_hallway,
          nicolae_vaults_closet_pinwheel_6, vaults_room_boxed,
          nicolae_vaults_trapezoid_lopsided_1, hangedman_vaults_nails,
          v_misc_23, nicolae_vaults_surprise_closet,
          ontoclasm_vaults_decontamination, vaults_room_pool, st_more_cells,
          layout_vaults_chaotic_city
Vaults:2: gammafunk_ghost_wrathful_warriors, nicolae_vaults_closet_pinwheel_2,
          ontoclasm_vaults_gateway, v_pattern_1, nicolae_vaults_quadrants,
          nicolae_vaults_doubleplus_tesselated, ontoclasm_vaults_pinch,
          ontoclasm_vaults_loading_screen, hangedman_vaults_stream,
          hangedman_vaults_maws, nicolae_vaults_little_squares_5,
          nicolae_vaults_offset_grid_hallway_3, vaults_dpeg_hooks,
          nicolae_vaults_tetromino_Z_1, nicolae_vaults_tetromino_Z_2,
          layout_vaults_big_cross, serial_shops, bzr_entry_customers,
          uniq_saint_roka, uniq_sojobo
Vaults:3: minmay_crypt_entry_simple_walls, st_cross,
          nicolae_vaults_shelves_hall, nicolae_vaults_storage_room_water,
          grunt_vaults_funnel, v_misc_8, nicolae_vaults_circle_grid_a,
          hangedman_vaults_cutoff, layout_vaults_omnigrid
Vaults:4: nicolae_vaults_inception_statues, nicolae_vaults_security_offices_3,
          nicolae_vaults_stairing_the_circle, v_misc_23, nicolae_vaults_swerve,
          nicolae_vaults_closet_pinwheel_5, nicolae_vaults_hallways_thing,
          vaults_room_ringed_pool, nicolae_vaults_trapezoid_lopsided_2,
          grunt_vaults_hallway_long, nicolae_vaults_little_squares_4,
          nicolae_vaults_diamond_2, layout_vaults_omnibox
Vaults:5: serial_shops
Depths:1: layout_roguey, hell_entry, nemelex_lonely_heart_becter,
          kennysheep_crisscross, lemuel_another_geyser, serial_bayou_shore_b
Depths:2: minmay_glassy_protrusions, layout_cave_pools, nrook_mini_backslash,
          abyss_entry, ebering_ghost_inner_flame, hell_entry,
          rand_demon_pan_entry_5
Depths:3: nicolae_hexawheel, layout_basic,
          nicolae_abyss_entry_one_way_or_another, hellmouth_1,
          muffindrake_ghost_dual_entry, grunt_decor_mini_mirrors,
          serial_bayou_shore_b, uniq_vv
Depths:4: lemuel_castle_with_subvaults [lemuel_castle_interior_original],
          layout_gridlike, enter_ziggurat_a, lemuel_coloured_pillars_altar,
          nicolae_trove_entry_crossroad, hell_entry, pan_entry,
          hangedman_decor_riveting, minmay_strange_pillars, uniq_parghit,
          uniq_josephina
Zot:1:    layout_gridlike, hangedman_player_shredder
Zot:2:    layout_gridlike
Zot:3:    layout_gridlike, regret_index_zotdec_serpentine_scales
Zot:4:    kennysheep_ambush_hall, layout_cathedral_of_symmetry, zot_minivault_1
Zot:5:    layout_gridville, st_stairs_4

Skill      XL: |  1  2  3  4  5  6  7  8  9 10 11 12 13 14 15 16 17 18 19 20 21 22 23 24 25 |
---------------+----------------------------------------------------------------------------+-----
Unarmed Combat | 1 2 3 4 5 6 8 10 13 14 15 17 18 20 22 | 22.9
Fighting       | 2 3 4 5 6 8 10 13 15 17 18 20 24 26 | 26.9
Shields        | 5 11 15 | 15.0
Shapeshifting  | 9 14 16 18 21 23 24 | 24.0
Dodging        | 8 11 | 11.2
Stealth        | |  0.6
Evocations     | |  2.4

Action                     |  1- 3 |  4- 6 |  7- 9 | 10-12 | 13-15 | 16-18 | 19-21 | 22-24 | 25-27 || total
---------------------------+-------+-------+-------+-------+-------+-------+-------+-------+-------++-------
  Melee: Unarmed           |   195 |    96 |   306 |   656 |  1534 |  1623 |  1203 |  1141 |   191 ||  6945
         Punch             |     3 |     3 |    11 |    23 |       |       |       |       |       ||    40
         Constrict         |       |       |       |       |       |    14 |       |       |       ||    14
  Throw: Throwing net      |       |       |       |     3 |       |       |       |       |       ||     3
         Dart              |       |       |       |     4 |       |     2 |       |       |       ||     6
 Invoke: Call Merchant     |       |       |       |     1 |     4 |       |     1 |       |       ||     6
         Potion Petition   |       |       |       |       |       |     2 |       |       |       ||     2
         Bribe Branch      |       |       |       |       |       |       |       |     1 |     3 ||     4
Ability: Evoke Blink       |       |       |       |       |     1 |       |       |       |       ||     1
  Evoke: Wand              |       |    13 |    17 |    22 |    11 |     1 |     1 |       |     4 ||    69
         Lightning rod     |       |       |       |       |       |       |    10 |     4 |       ||    14
         Tin of tremorston |       |       |       |       |       |       |     1 |     1 |       ||     2
    Use: Scroll            |     5 |     1 |     2 |     5 |    14 |    15 |    10 |     9 |     9 ||    70
         Potion            |       |       |       |     9 |     2 |    14 |       |     1 |       ||    26
   Stab: Invisible         |       |     1 |     8 |    15 |    23 |    31 |    15 |    10 |       ||   103
         Held in net/web   |       |       |       |     1 |       |       |       |       |       ||     1
         Distracted        |       |       |       |     2 |    10 |    10 |     6 |    10 |     5 ||    43
         Paralysed         |       |       |       |       |    22 |       |       |       |       ||    22
         Petrified         |       |       |       |       |    13 |       |       |       |       ||    13
         Petrifying        |       |       |       |       |     1 |       |       |       |       ||     1
 Armour: Robe              |   118 |    51 |   149 |    33 |    30 |   688 |       |       |       ||  1069
         Quicksilver drago |       |       |       |   342 |   670 |       |       |       |       ||  1012
         Skin              |       |       |       |       |       |    72 |  1335 |  1296 |   229 ||  2932
  Dodge: Dodged            |   101 |    52 |   203 |   268 |   447 |   636 |   689 |   526 |    80 ||  3002
  Block: Kite shield       |       |       |       |   124 |   894 |   817 |   973 |  1113 |   184 ||  4105
   Form: Anaconda          |       |       |       |       |       |     1 |       |       |       ||     1
                           |       |       |       |       |       |     1 |       |       |       ||     1
         Statue            |       |       |       |       |       |     1 |       |       |       ||     1

Table legend: (Time is in decaauts)
 A = Elapsed time spent in this place.
 B = Non-inter-level travel time spent in this place.
 C = Inter-level travel time spent in this place.
 D = Time resting spent in this place.
 E = Time spent auto-exploring this place.
 F = Levels seen in this place.
 G = Mean time per level.
                   A        B        C        D        E       F      G
               +--------+--------+--------+--------+--------+-----+--------+
         Total |  55284 |  48704 |   6580 |   2274 |  33067 |  61 |  906.3 |
       Dungeon |  14583 |  12512 |   2071 |    418 |   9254 |  15 |  972.2 |
        Temple |     14 |      2 |     12 |      0 |      0 |   1 |   14.0 |
          Lair |   5316 |   4644 |    672 |     59 |   3517 |   5 | 1063.2 |
        Shoals |   4004 |   3143 |    861 |    180 |   1894 |   4 | 1001.0 |
     Snake Pit |   6622 |   5943 |    679 |    725 |   3611 |   4 | 1655.5 |
  Orcish Mines |   3593 |   3058 |    535 |    148 |   1758 |   2 | 1796.5 |
   Elven Halls |   3991 |   3757 |    234 |     57 |   2802 |   3 | 1330.3 |
        Vaults |   8563 |   7698 |    865 |      5 |   6049 |   5 | 1712.6 |
        Depths |   4936 |   4498 |    438 |     67 |   3142 |   4 | 1234.0 |
           Zot |   1127 |    917 |    210 |      0 |    385 |   5 |  225.4 |
         Abyss |      5 |      5 |      0 |      0 |      0 |   1 |    5.0 |
      Ziggurat |    405 |    405 |      0 |      0 |    196 |   6 |   67.5 |
        Bazaar |    289 |    289 |      0 |      0 |    207 |   2 |  144.5 |
         Trove |    110 |    110 |      0 |      0 |     43 |   1 |  110.0 |
         Sewer |    166 |    166 |      0 |      0 |     85 |   1 |  166.0 |
        Bailey |    856 |    856 |      0 |    533 |     72 |   1 |  856.0 |
    Desolation |    695 |    695 |      0 |     78 |     48 |   1 |  695.0 |
               +--------+--------+--------+--------+--------+-----+--------+

Top non-repeatable levels by time:
   Orc:2: 2585 daAuts
 Snake:4: 2509 daAuts
 Snake:3: 2020 daAuts
Vaults:2: 1878 daAuts
Vaults:3: 1689 daAuts
Vaults:4: 1680 daAuts
Vaults:1: 1676 daAuts
Vaults:5: 1638 daAuts
   Elf:3: 1538 daAuts
   Elf:1: 1503 daAuts
Depths:3: 1494 daAuts
    D:13: 1403 daAuts
Depths:4: 1360 daAuts
Shoals:4: 1339 daAuts
  Lair:1: 1261 daAuts
